 Dungeon Crawl Stone Soup version bcrawl-1.19.1 (webtiles) character file.

Game seed: 13440158774912446888

10185 Revguard the Protected (level 11, -10/97 HPs)
             Began as a Hill Orc Monk on Nov 25, 2019.
             Was an Elder of Beogh.
             Hit by a large rock thrown by a cyclops (29 damage)
             ... on level 11 of the Dungeon.
             The game lasted 00:29:09 (10659 turns).

Revguard the Protected (Hill Orc Monk)             Turns: 10659, Time: 00:29:10

Health: -10/97     AC:  8    Str: 17    XL:     11   Next: 58%
Magic:  0/18       EV: 15    Int: 10    God:    Beogh [****..]
Gold:   826        SH:  0    Dex: 14    Spells: 10/10 levels left

rFire    . . .     SeeInvis .   D - +2 battleaxe (freeze)
rCold    . . .     Gourm    .   (shield currently unavailable)
rNeg     . . .     Faith    .   C - +0 troll leather armour
rPois    +         Spirit   +   c - +1 hat
rElec    .         Reflect  .   (no cloak)
rCorr    .         Harm     .   (no gloves)
MR       +....                  (no boots)
Stlth    ++........             d - amulet of guardian spirit
HPRegen  0.66/turn              u - +1 ring of protection
MPRegen  0.16/turn              o - ring of poison resistance

@: no status effects
A: high mp 1, magic resistance 1, sense surroundings 1
a: Smiting, Recall Orcish Followers, Renounce Religion


You were on level 11 of the Dungeon.
You worshipped Beogh.
Beogh was greatly pleased with you.
You were not hungry.

You visited 2 branches of the dungeon, and saw 12 of its levels.

You collected 826 gold pieces.

Inventory:

Hand Weapons
 a - a +1 hand axe
 j - a +3 blowgun
 m - the +6 dagger of Exchange {pierce, rF+ Int+4 Dex+6}
   (You found it on level 4 of the Dungeon)

   It inflicts extra damage upon your enemies.
   It affects your intelligence (+4).
   It affects your dexterity (+6).
   It protects you from fire.
 v - a +2 dagger of holy wrath
 A - a +2 battleaxe
 D - a +2 battleaxe of freezing (weapon)
Missiles
 h - 86 javelins (quivered)
 q - 4 throwing nets {!f}
 r - 42 curare-tipped needles
 t - 136 poisoned needles
Armour
 c - a +1 hat (worn)
 C - a +0 troll leather armour (worn)
Jewellery
 d - an amulet of guardian spirit (around neck)
 e - an uncursed ring of protection from fire
 o - a ring of poison resistance (right hand)
 u - a +1 ring of protection (left hand)
Wands
 p - a wand of flame (19)
 y - a wand of iceblast (22)
 B - a wand of paralysis (7)
 H - a wand of random effects (9)
Scrolls
 b - 4 scrolls of amnesia
 i - 5 scrolls of identify
 k - 7 scrolls of remove curse
 w - 2 scrolls of enchant weapon
 x - a scroll of enchant armour
 F - a scroll of teleportation
Potions
 g - 2 potions of resistance
 l - a potion of mutation
 n - a potion of lignification
 s - 2 potions of flight
 z - a potion of brilliance
 G - a potion of curing
Comestibles
 f - 13 rations {!d}


   Skills:
 + Level 9.4 Fighting
   Level 9.4 Short Blades
   Level 9.4 Long Blades
   Level 9.4 Axes
   Level 9.4 Maces & Flails
   Level 9.4 Polearms
   Level 9.4 Staves
 + Level 1.4 Throwing
 * Level 12.5 Armour
 + Level 6.7 Dodging
 - Level 1.7 Stealth
   Level 9.4 Unarmed Combat
 * Level 8.2 Invocations


You had 10 spell levels left.
You didn't know any spells.
Your spell library contained the following spells:

 Spells                   Type           Power        Failure   Level  Hunger
 Magic Dart               Conj           #...         41%         1    ##.....
 Blink                    Tloc           N/A          54%         2    ###....
 Call Imp                 Summ           #.....       54%         2    ###....
 Conjure Flame            Conj/Fire      #.......     78%         3    ####...
 Mephitic Cloud           Conj/Pois/Air  #.......     78%         3    ####...
 Spider Form              Tmut/Pois      #..          78%         3    ####...


Dungeon Overview and Level Annotations

Branches:
Dungeon (11/12)            Temple (1/1) D:5            Lair (0/6) D:7
    Orc (0/1) D:9
 Vaults: D:11-12

Altars:
Ashenzari
Cheibriados
Dithmenos
Elyvilon
Fedhas
Gozag
Hepliaklqana
Kikubaaqudgha
Lugonu
Makhleb
Nemelex Xobeh
Okawaru
Qazlal
Ru
Sif Muna
Trog
Uskayaw
Vehumet
Wu Jian
Xom
Yredelemnul
Zin
The Shining One

Shops:
D:9 (


Innate Abilities, Weirdness & Mutations

You have an increased reservoir of magic. (+10% MP)
You are resistant to hostile enchantments. (MR+)
You passively map a small area around you.


Message History

Found a scroll of blinking and 130 sling bullets.
There is a stone staircase leading up here.
You swap places.
The cyclops shouts!
The cyclops throws a large rock.
The large rock hits you!!
The cyclops throws a large rock.
The large rock hits you!!
The cyclops throws a large rock.
The large rock hits you!! The cyclops barely misses you.
You barely miss the cyclops. The cyclops hits you!!
* * * LOW HITPOINT WARNING * * *
You swap places.
Your orc warrior barely misses the cyclops.
Your orc hits the cyclops but does no damage.
Your orc warrior hits the cyclops with a cursed -2 club!
Your orc hits the cyclops but does no damage.
Your orc warrior hits the cyclops with a +0 flail!
The cyclops throws a large rock.
The large rock completely misses your orc.
The large rock hits you!!
You die...

#.# #.# #.#
#####.####### *
####...........#
*#..............#
, *#.....?.....#
, , #..o.....<..#
, #.Co@.......# *
#..o...(....#
#...........# **
#...........#
####.########
#.., * ### * , ,


You could see a cyclops, 2 friendly orc warriors and a friendly orc.

Vanquished Creatures
  Erolcha (D:9)
  A centaur warrior (D:10)
  Pikel (D:9)
  A centaur zombie (D:6)
  An elephant (D:7)
  4 trolls
  2 hippogriffs
  A wyvern (D:10)
  A basilisk (D:7)
  3 yaks (D:10)
  A crocodile (D:7)
  A soldier ant (D:8)
  4 orc warriors
  2 slaves (D:9)
  3 sky beasts
  5 ogres
  3 phantoms
  6 centaurs
  2 big kobolds
  4 bullfrogs
  A water moccasin zombie (D:5)
  3 scorpions
  3 killer bees (D:8)
  4 wights (D:9)
  A crimson imp (D:5)
  5 hounds
  2 quasits
  5 orc wizards
  An orc priest (D:9)
  2 centaur skeletons
  3 jellies
  3 iguanas
  Natasha (twice) (D:3)
  2 worker ants
  A killer bee zombie (D:8)
  A hound zombie (D:8)
  4 hound skeletons
  A howler monkey zombie (D:10)
  7 adders
  4 shadow imps
  2 oozes
  An adder skeleton (D:6)
  An adder zombie (D:5)
  A worm (D:2)
  4 dart slugs
  A leopard gecko (D:2)
  18 orcs
  A ball python (D:2)
  6 bats
  4 giant cockroaches
  7 goblins
  11 hobgoblins
  6 jackals
  3 quokkas
  3 frilled lizards
  A jackal skeleton (D:5)
  14 kobolds
  A quokka skeleton (D:5)
  6 rats
193 creatures vanquished.

Vanquished Creatures (collateral kills)
  2 tengu warriors
  A gargoyle (D:10)
  A kobold demonologist (D:10)
  A merfolk (D:9)
  A crocodile (D:10)
  A phantom (D:10)
  A sky beast (D:10)
  A bullfrog (D:10)
  2 big kobolds (D:10)
  2 orc priests (D:9)
  An orc wizard (D:9)
  A worker ant (D:9)
  5 orcs
20 creatures vanquished.

Vanquished Creatures (others)
  A howler monkey (D:6)
  8 orcs
  A quokka (D:6)
10 creatures vanquished.

Grand Total: 223 creatures vanquished

Notes
Turn   | Place    | Note
-------+----------+-------------------------------------------
     0 | D:1      | Revguard the Hill Orc Monk began the quest for the Orb.
     0 | D:1      | Reached XP level 1. HP: 22/22 MP: 2/2
    15 | D:1      | Reached skill level 5 in Fighting
   111 | D:1      | Reached XP level 2. HP: 24/29 MP: 4/4
   638 | D:1      | Reached XP level 3. HP: 36/36 MP: 5/5
   826 | D:1      | Reached skill level 1 in Armour
  1289 | D:2      | Reached XP level 4. HP: 35/42 MP: 4/6
  2109 | D:3      | Found a stormy altar of Qazlal.
  2183 | D:3      | Noticed Natasha
  2200 | D:3      | Killed Natasha
  2200 | D:3      | Reached skill level 2 in Armour
  2200 | D:3      | Reached XP level 5. HP: 14/50 MP: 3/7
  2480 | D:3      | Noticed Natasha
  2490 | D:3      | Killed Natasha
  2723 | D:4      | Got a dazzling dagger
  2732 | D:4      | Identified the +6 dagger of Exchange {pierce, rF+ Int+4
                  | Dex+6} (You found it on level 4 of the Dungeon)
  2974 | D:4      | Reached skill level 3 in Armour
  3016 | D:4      | Noticed a centaur
  3017 | D:4      | Noticed an orc warrior
  3031 | D:4      | Gained mutation: You have an increased reservoir of magic.
                  | (+10% MP) [potion of mutation]
  3031 | D:4      | Gained mutation: You passively map a small area around you.
                  | [potion of mutation]
  3031 | D:4      | Gained mutation: You are resistant to hostile enchantments.
                  | (MR+) [potion of mutation]
  3036 | D:4      | Killed an orc warrior
  3036 | D:4      | Reached XP level 6. HP: 40/57 MP: 2/8
  3047 | D:4      | Reached skill level 4 in Armour
  3507 | D:5      | Entered Level 5 of the Dungeon
  3528 | D:5      | Reached XP level 7. HP: 55/64 MP: 7/9
  3570 | D:5      | Reached skill level 5 in Armour
  3741 | D:5      | Found a staircase to the Ecumenical Temple.
  3745 | Temple   | Entered the Ecumenical Temple
  3815 | D:5      | Reached skill level 6 in Armour
  3832 | D:5      | Reached XP level 8. HP: 57/71 MP: 8/11
  3979 | D:5      | Found a corrupted altar of Lugonu.
  3979 | D:5      | Found a shadowy altar of Dithmenos.
  3984 | D:5      | Found a bloodstained altar of Trog.
  3986 | D:5      | Found a shattered altar of Ashenzari.
  3988 | D:5      | Found a shimmering altar of Xom.
  4484 | D:6      | Reached skill level 7 in Armour
  4578 | D:6      | Became a worshipper of Beogh the Brigand
  4578 | D:6      | Reached * piety under Beogh
  4578 | D:6      | Reached ** piety under Beogh
  5039 | D:6      | Reached skill level 8 in Armour
  5235 | D:6      | Found a basalt altar of Yredelemnul.
  5284 | D:6      | Reached XP level 9. HP: 66/79 MP: 10/13
  5361 | D:6      | Found a white marble altar of Elyvilon.
  5580 | D:7      | Reached skill level 9 in Armour
  5836 | D:7      | Found a burning altar of Makhleb.
  5836 | D:7      | Noticed a blizzard demon
  5837 | D:7      | Found a glowing silver altar of Zin.
  5837 | D:7      | Noticed an angel
  6123 | D:7      | Found a staircase to the Lair.
  6123 | D:7      | Noticed an elephant
  6452 | D:7      | Reached skill level 10 in Armour
  6475 | D:7      | Reached skill level 5 in Invocations
  6487 | D:7      | Reached skill level 5 in Dodging
  6576 | D:7      | Killed an elephant
  6576 | D:7      | Reached XP level 10. HP: 30/88 MP: 7/15
  7351 | D:8      | Reached skill level 11 in Armour
  8701 | D:9      | Reached *** piety under Beogh
  8862 | D:9      | Noticed Pikel
  8885 | D:9      | Killed Pikel
  9017 | D:9      | Found a staircase to the Orcish Mines.
  9062 | D:9      | Found Jyess's Antique Weapon Shoppe.
  9194 | D:9      | Reached skill level 1 in Throwing
  9325 | D:9      | Noticed Erolcha
  9336 | D:9      | Killed Erolcha
  9336 | D:9      | Reached skill level 12 in Armour
  9336 | D:9      | Reached XP level 11. HP: 95/95 MP: 16/18
  9652 | D:10     | Entered Level 10 of the Dungeon
  9652 | D:10     | Noticed a tengu warrior
  9654 | D:10     | Noticed a centaur warrior
  9667 | D:9      | Killed a tengu warrior
  9759 | D:10     | Killed a centaur warrior
 10120 | D:10     | Reached **** piety under Beogh
 10251 | D:10     | Noticed a tengu warrior
 10272 | D:10     | Killed a tengu warrior
 10650 | D:11     | Noticed a cyclops
 10659 | D:11     | Hit by a large rock thrown by a cyclops

Skill      XL: |  1  2  3  4  5  6  7  8  9 10 11 |
---------------+----------------------------------+-----
Fighting       | 5 6 7 8 9 |  9.4
Armour         | 1 2 3 4 6 8 10 12 | 12.5
Dodging        | 3 4 5 6 |  6.7
Invocations    | 3 5 7 8 |  8.2
Throwing       | 1 |  1.4
Short Blades   | |  9.4
Long Blades    | |  9.4
Axes           | |  9.4
Maces & Flails | |  9.4
Polearms       | |  9.4
Staves         | |  9.4
Stealth        | |  1.7
Unarmed Combat | |  9.4

Action                   |  1- 3 |  4- 6 |  7- 9 | 10-12 || total
-------------------------+-------+-------+-------+-------++-------
Melee: Hand axe          |   119 |    84 |       |       ||   203
       Punch             |     3 |     4 |     9 |    10 ||    26
       Dagger            |       |    68 |   339 |   268 ||   675
       Battleaxe         |       |       |       |    60 ||    60
 Fire: Blowgun           |       |       |       |    25 ||    25
Throw: Javelin           |       |     2 |    10 |     9 ||    21
Invok: Smiting           |       |       |     2 |     1 ||     3
       Convert to Beogh  |       |       |     1 |       ||     1
  Use: Scroll            |       |     7 |    10 |     1 ||    18
       Potion            |       |     5 |     3 |     1 ||     9
 Stab: Sleeping          |     1 |     4 |     1 |     1 ||     7
       Distracted        |       |       |       |     1 ||     1
  Eat: Chunk             |     1 |     7 |    10 |    13 ||    31
Armor: Robe              |    21 |       |       |       ||    21
       Ring mail         |     6 |    35 |   125 |    50 ||   216
       Troll leather arm |       |       |       |    32 ||    32
Dodge: Dodged            |    97 |    68 |   218 |   238 ||   621
